[Event "1st South American-ch 2023"]
[Site "Lima"]
[Date "2023.09.17"]
[Round "2.1"]
[White "Cori, Jorge"]
[Black "Principe, Gerson"]
[Result "1-0"]
[Annotator "TA"]
[ECO "E18"]
[WhiteElo "2627"]
[BlackElo "2213"]
[PlyCount "194"]
[EventDate "2023.09.17"]
[EventType "swiss"]
[EventCountry "PER"]
[SourceTitle "playchess.com"]
[Source "ChessBase"]
[SourceQuality "1"]
[TimeControl "5400+30"]

1. c4 e6 2. Nf3 Nf6 3. g3 b6 4. Bg2 Bb7 5. O-O Be7 6. Nc3 O-O 7. d4 d5 8. Ne5 Nbd7 9. Bf4 c5 {[%emt 0:04:49] E18: Queen's Indian: Old Main Line (4 g3 Bb7 5 Bg2 Be7 6 0-0 0-0 7 Nc3).} 10. cxd5 $1 {[%emt 0:05:04] 10.cxd5 is better than 10.Rc1.} Nxd5 11. Nxd5 exd5 {[%emt 0:01:54] The position is equal.} 12. Rc1 Nxe5 13. Bxe5 Qd7 14. dxc5 bxc5 15. Qb3 Rfd8 16. Rfd1 Bc6 {[%emt 0:07:52] [#]} 17. Qf3 $146 (17. Qc2 $11) ({Predecessor:} 17. Qc3 Qe6 18. Bf4 a5 19. Qe5 a4 20. Rd2 Ra6 21. Bf1 Bb5 22. Bh3 Qxe5 23. Bxe5 {½-½ Lushenkov,M (2430)-Brodsky,M (2550) Kharkov 5th 2008 (9)}) 17... Qe6 (17... Rac8 $1 $15) 18. Bf4 $11 Rac8 19. Qh5 g6 20. Qe5 Qxe5 (20... a5 {feels hotter.} 21. b3 a4 22. h4 axb3 23. axb3 Bf8) 21. Bxe5 f6 22. Bf4 Kf7 23. h4 Bf8 24. b3 f5 25. Rd2 d4 (25... Ke6 $11) 26. Bxc6 (26. e3 $5 ) 26... Rxc6 27. Rc4 (27. e3 $5 ) 27... Rdc8 (27... Ra6 $11 {keeps the balance.}) 28. Kg2 $16 Ke6 29. Kf3 Bg7 30. Rdc2 Kd5 31. Ra4 a6 32. Rac4 (32. e3 $5 ) 32... Bf8 33. Bc1 (33. e3 {keeps more tension.} Bg7 34. Ra4 Bf6 35. Bg5) 33... Be7 34. Bb2 Bf8 35. Rd2 Ke6 36. Rd1 Be7 37. Bc1 Bf6 38. Bg5 Bg7 39. Bf4 Bf6 40. Rg1 Kd5 41. Bc1 (41. e3 {with more complications.} Re8 42. Rd1 Re4 43. Kg2) 41... Ke6 42. Ba3 Be7 43. Rgc1 Kd5 44. Kg2 (44. e3 $16) 44... Bf8 45. Kf1 Be7 46. Rd1 Ke6 47. Ke1 f4 {[%emt 0:00:38][%mdl 64] Deflection} 48. gxf4 Bxh4 49. Kf1 Be7 50. Kg2 h6 51. Kf3 Bd6 52. e3 dxe3 53. fxe3 Be7 54. Re4+ Kf7 55. Rd7 Re6 56. Rc4 Ke8 57. Ra7 Rcc6 ({Better is} 57... h5 $14) 58. e4 {[%emt 0:01:50] White is more active.} Red6 {[%emt 0:00:58] [#]} (58... Rc8 $16 59. Ra4 Rd8) 59. Rxe7+ $1 $18 Kxe7 60. Bxc5 Ke6 {[%emt 0:00:59] White must now prevent ...Rd2.} 61. Bxd6 Rxd6 {[%emt 0:00:04][%mdl 4096] Endgame KR-KR} 62. e5 Rb6 63. Rc8 g5 64. Rh8 Kd5 65. Rd8+ Ke6 66. Rf8 $1 {[%emt 0:00:03] Intending Rf6+ and mate.} Ke7 {[%emt 0:00:18] Dodges Rf6} 67. Rh8 Rb4 68. Rh7+ ({Much less strong is} 68. Rxh6 $6 Rxf4+ 69. Kg3 Re4 $16) 68... Ke8 69. Rxh6 Rxf4+ 70. Ke3 a5 71. Ra6 Ke7 72. Rxa5 {[%emt 0:01:20] Ra4 would be deadly.} Ke6 73. Rb5 Rf1 (73... Rf8 $142 74. a4 g4) 74. Ke4 $2 ({Only move:} 74. a4 $18) 74... Rf4+ $14 75. Ke3 $2 (75. Kd3 $1 $14) 75... Rf1 $1 $18 76. Ke2 {[%emt 0:03:43] Dodges g4} Rf8 77. a4 g4 78. Rb4 $1 g3 79. Rg4 Rf2+ {[%emt 0:00:05] [#]} 80. Kd3 $1 {[%emt 0:02:27] Strongly threatening Rg6+.} g2 {[%emt 0:00:21] [#]} 81. Ke4 (81. Rg5 $1 $16) 81... Rb2 82. a5 {[%emt 0:00:26] Threatens to win with a6.} Rxb3 {[%emt 0:00:12] ( -> ...Rb4+)} 83. Rg6+ (83. Rxg2 $5 Rb4+ $8 84. Kd3 $11) 83... Kf7 $1 $132 {[%emt 0:00:33][%mdl 2048] Black is not keeping still} 84. Rxg2 Ra3 {[%emt 0:00:20] Repels Ra2} 85. Rg5 Ra4+ 86. Kd3 Ke6 87. a6 Kd5 (87... Ra3+ $2 88. Kd4 $18) 88. Rg6 Ra3+ $2 (88... Kxe5 $11 89. Kc3 Kd5) 89. Kc2 Kxe5 90. Kb2 {[%emt 0:00:03] White mates.} Ra4 91. Kb3 Ra1 92. Kc4 Ra2 93. Kc5 Rc2+ 94. Kb6 Rb2+ 95. Kc7 Ra2 96. Kb7 Rb2+ 97. Rb6 Rf2 {[%emt 0:01:03] Weighted Error Value: White=0.10 (very precise) /Black=0.16 (very precise)} 1-0

[Event "1st South American-ch 2023"]
[Site "Lima"]
[Date "2023.09.17"]
[Round "2.2"]
[White "Terry, Renato"]
[Black "Flores Tomasto, Luis"]
[Result "1-0"]
[Annotator "TA"]
[ECO "D05"]
[WhiteElo "2520"]
[BlackElo "2203"]
[PlyCount "87"]
[EventDate "2023.09.17"]
[EventType "swiss"]
[EventCountry "PER"]
[SourceTitle "playchess.com"]
[Source "ChessBase"]
[SourceQuality "1"]
[TimeControl "5400+30"]

1. b3 d5 2. Bb2 c5 3. e3 Nf6 4. Nf3 e6 5. d4 Nc6 6. Bd3 Bd6 7. O-O O-O 8. dxc5 {[%emt 0:03:57] D05: Colle System with ...e6.} Bxc5 9. Nbd2 Bd6 10. e4 {[%emt 0:02:13] White is slightly better.} d4 {[%emt 0:02:36] [#]} 11. Nc4 $146 {[%emt 0:22:55] aiming for e5.} (11. Bb5 $5 e5 12. Nc4 $14) ({Predecessor:} 11. e5 Bxe5 12. Nc4 Bc7 13. Nxd4 Nxd4 14. Bxd4 b5 15. Ne5 Bb7 16. Ng4 Ne4 17. Bxe4 Bxe4 {0-1 Kalajzic,I (2135)-Zelcic,R (2531) Zadar op 2004 (1.8)}) 11... e5 12. c3 Bg4 13. cxd4 exd4 14. h3 Bxf3 15. Qxf3 Re8 16. Nxd6 Qxd6 17. Rad1 Rad8 18. Bb1 a5 19. Rfe1 Qb4 20. Qd3 (20. Bc1 {with more complications.} Nd5 21. Ba3 Qc3 22. Qe2) 20... Qb6 21. f4 {[%emt 0:07:01] Hoping for e5.} Nb4 $2 (21... g6 $14) 22. Bxd4 $18 Qc7 {[%emt 0:03:54] [#]} 23. Qf3 Nc2 24. Bxc2 Qxc2 25. Bxf6 ({White should try} 25. e5 $18 Nd5 26. Bf2) 25... gxf6 $16 26. Rxd8 Rxd8 $18 {[%emt 0:00:18][%mdl 4096] Endgame KQR-KQR} 27. e5 fxe5 28. fxe5 Qc6 29. Qf4 {[%emt 0:01:17] Threatens to win with Qg5+.} Re8 30. Rf1 Re7 (30... Qg6 $16 {keeps fighting.} 31. Rf3 Kf8) 31. Qg5+ Kf8 32. Rf5 h6 (32... a4 {was worth a try.} 33. bxa4 Re6) 33. Qf4 Ke8 34. Kh1 Qe6 35. Rh5 Qd5 $2 (35... Kf8 36. Rxh6 (36. Qxh6+ Qxh6 37. Rxh6 Rxe5 $18) 36... Qxe5 37. Qxe5 Rxe5) 36. Qxh6 Re6 37. Qg5 {[%emt 0:00:45] Intending Rh8+ and mate.} Kd7 38. Qf5 Ke7 39. Rg5 a4 $2 (39... Qd2 {might work better.} 40. Kh2 Qd4) 40. Qf6+ {[%emt 0:00:57][%mdl 64] Deflection. White is clearly winning.} Kd7 (40... Kf8 $142 41. Qh8+ Ke7) 41. Qxf7+ Kc6 42. bxa4 {[%emt 0:01:50] Black must now prevent Rg6.} Qxa2 43. Rf5 Kb6 {[%emt 0:00:56] [#]} 44. Qxe6+ $3 {[%emt 0:00:04][%mdl 512] Excellently played by Terry!   Weighted Error Value: White=0.26 (precise) /Black=0.48} 1-0

[Event "1st South American-ch 2023"]
[Site "Lima"]
[Date "2023.09.17"]
[Round "2.3"]
[White "Tomiello, Mateus Costamilan"]
[Black "Cruz, Cristhian"]
[Result "1/2-1/2"]
[Annotator "TA"]
[ECO "A13"]
[WhiteElo "2125"]
[BlackElo "2495"]
[PlyCount "54"]
[EventDate "2023.09.17"]
[EventType "swiss"]
[EventCountry "PER"]
[SourceTitle "playchess.com"]
[Source "ChessBase"]
[SourceQuality "1"]
[TimeControl "5400+30"]

1. c4 e6 2. g3 d5 3. Bg2 Nf6 4. Nf3 dxc4 5. Qa4+ Bd7 6. Qxc4 {[%emt 0:00:28] A13: English Opening: 1...e6.} c5 7. Ne5 Qc8 8. Qd3 $1 {[%emt 0:03:01] 8.Qd3 scores better than 8.0-0.} Be7 9. O-O {[%emt 0:04:07] [#]} (9. Nxd7 {simplifies} Nbxd7 10. Qb3 Rb8 11. d3) 9... Nc6 $146 ({Predecessor:} 9... O-O 10. Nxd7 Nbxd7 11. Qc2 Nb6 12. d3 Nbd5 13. Nd2 Qd7 14. a3 Rac8 15. b3 b6 {1-0 Rozum,I (2586)-Sjugirov,S (2650) RUS-chT blitz 2017 (2)}) 10. Nxd7 Qxd7 11. Qxd7+ Kxd7 12. Nc3 Rac8 13. b3 Rhd8 14. Bb2 Ke8 15. d3 Nd7 16. Ne4 f5 17. Nd2 Bf6 18. Bxf6 Nxf6 19. Rfc1 b6 20. Bxc6+ Rxc6 21. b4 Ke7 22. b5 Rc7 23. Nc4 Ne8 24. a4 Nd6 25. Nxd6 Kxd6 26. a5 Rb8 27. Rc4 bxa5 {[%emt 0:00:00] Weighted Error Value: White=0.04 (flawless) /Black=0.05 (flawless)} 1/2-1/2

[Event "1st South American-ch 2023"]
[Site "Lima"]
[Date "2023.09.17"]
[Round "2.4"]
[White "Vera Siguenas, Deivy"]
[Black "Cerda Albornoz, Guillermo"]
[Result "1-0"]
[Annotator "TA"]
[ECO "C54"]
[WhiteElo "2463"]
[BlackElo "2151"]
[PlyCount "77"]
[EventDate "2023.09.17"]
[EventType "swiss"]
[EventCountry "PER"]
[SourceTitle "playchess.com"]
[Source "ChessBase"]
[SourceQuality "1"]
[TimeControl "5400+30"]

1. e4 e5 2. Nf3 Nc6 3. Bc4 Bc5 4. c3 Nf6 5. d4 exd4 6. e5 d5 7. Bb5 Ne4 8. cxd4 Bb6 {[%emt 0:00:21] 8...Bb6 scores better than 8...Bb4+.} 9. Nc3 O-O 10. Be3 {[%emt 0:00:03] C54: Giuoco Piano: 4 c3 Nf6, main lines with 5 d4 and 5 d3.} Bg4 11. h3 Bh5 12. Qc2 {[%emt 0:00:06] The position is equal.} Bg6 {[%emt 0:01:33] Hoping for ...Nxc3.} 13. Qb3 Ne7 14. O-O c6 15. Bd3 Nd2 {[%emt 0:04:51][%mdl 64] [#] Discovered Attack} 16. Nxd2 Bxd3 17. Rfe1 {[%emt 0:00:02] [#]} Ba6 $146 ({Predecessor:} 17... Nf5 18. Na4 Bc4 19. Qc3 Ba5 20. Qc2 Bxd2 21. Qxd2 b6 22. b3 Ba6 23. Rad1 Qd7 {0-1 Wei,Y (2726)-Ivanchuk,V (2667) FIDE World Cup 2023 (3.4)}) 18. Nf3 Nf5 19. Rad1 Nxe3 20. Rxe3 Re8 21. Qc2 {[%emt 0:00:36] White is more active.} Qe7 22. Qf5 ({White should try} 22. Na4 $16) 22... Qe6 23. Qf4 (23. Qxe6 {simplifies} Rxe6 24. Na4 f6 25. Nxb6 axb6 26. Kh2) 23... Bd8 24. Ng5 Bxg5 25. Qxg5 f6 26. Qh4 (26. exf6 {simplifies} Qxf6 27. Qxf6 gxf6 28. Ree1) 26... fxe5 27. dxe5 Rad8 {[%emt 0:10:28] Black is weak on the dark squares} (27... Rf8 $11) 28. b4 (28. Ne4 $1 $14 Qxe5 29. Ng5) 28... Rd7 (28... Qe7 $11 29. Qxe7 Rxe7) 29. Qd4 $14 {[%emt 0:02:52][%cal Oc3e4] Strongly threatening Ne4!} Red8 30. f4 (30. Qxa7 $2 d4 31. Rg3 dxc3 32. Rxd7 Qxd7 $19) 30... b6 $1 31. Rf3 {[%emt 0:00:45] Black must now prevent f5.} Qe7 (31... Rf8 $14) 32. f5 $16 c5 33. bxc5 bxc5 {[%emt 0:00:24] [#] This move loses the game for Black.} (33... Qxc5 $16 {keeps fighting.} 34. e6 Rd6) 34. Qf4 $1 $18 Bb7 35. Rg3 Kh8 (35... d4 $2 36. e6 dxc3 37. exd7 Rxd7 38. Rxd7 Qxd7 39. Rxc3 Qd4+ 40. Qxd4 cxd4 41. Rd3 $18) 36. Nb5 $36 {[%emt 0:06:37][%mdl 2048] And now e6 would win. White is on the roll.} Re8 $2 (36... d4 37. Nd6 (37. Nxa7 Bxg2 38. Rxg2 Rxa7 $11) 37... Bd5) 37. f6 ({Inferior is} 37. Nxa7 Qxe5 38. Qxe5 Rxe5 $17) 37... gxf6 38. exf6 (38. Qxf6+ Qxf6 39. exf6 d4 $15) 38... Qe6 39. Nc7 {[%emt 0:01:01] Weighted Error Value: White=0.15 (very precise) /Black=0.49} ({Stronger than} 39. Nxa7 Rf7 $11) 1-0